 Dungeon Crawl Stone Soup version 0.21.1-1-g345015f (webtiles) character file.

22416 Savaroth the Grappler (level 12, -6/192 HPs)
             Began as a Troll Berserker on Apr 1, 2018.
             Was an Elder of Trog.
             Mangled by an orc warlord
             ... wielding a +1 great sword of electrocution
              (18 damage)
             ... on level 1 of the Orcish Mines.
             The game lasted 00:40:07 (11593 turns).

Savaroth the Grappler (Troll Berserker)            Turns: 11593, Time: 00:40:10

Health: -6/192     AC: 11    Str: 34 (35) XL:     12   Next: 62%
Magic:  11/11      EV: 13    Int:  3 (5)  God:    Trog [****..]
Gold:   909        SH:  0    Dex:  8 (9)  Spells: 11/11 levels left

rFire    + . .     SeeInvis .     - Unarmed
rCold    . . .     Gourm    +   (no shield)
rNeg     . . .     Faith    .   G - +1 acid dragon scales
rPois    +         Spirit   .   (helmet restricted)
rElec    .         Reflect  .   D - +0 cloak
rCorr    +         Harm     .   (gloves unavailable)
MR       +++..                  (boots unavailable)
Stlth    ..........             (no amulet)
HPRegen  1.82/turn              E - ring of protection from magic
MPRegen  0.12/turn              u - ring of protection from fire

@: berserking, regenerating, very quick
A: large, unfitting armour, claws 3, fast metabolism 3, gourmand, mutation
resistance 1, poison resistance, regeneration 1, shaggy fur 1, tough skin 2
a: Berserk, Trog's Hand, Brothers in Arms, Burn Spellbooks, Renounce Religion


You were on level 1 of the Orcish Mines.
You worshipped Trog.
Trog was greatly pleased with you.
You were very full.

You visited 2 branches of the dungeon, and saw 14 of its levels.

You collected 909 gold pieces.

Inventory:

Armour
 w - a +2 robe of cold resistance
 D - a +0 cloak (worn)
 G - +1 acid dragon scales (worn)
 H - a +0 troll leather armour
Jewellery
 r - an uncursed ring of protection from cold
 u - a ring of protection from fire (right claw)
 E - a ring of protection from magic (left claw)
 L - an uncursed ring of protection from cold
Wands
 a - a wand of polymorph (10)
 l - a wand of disintegration (13)
 n - a wand of iceblast (8)
 x - a wand of enslavement (6)
Scrolls
 d - 11 scrolls of identify
 e - 8 scrolls of remove curse
 f - 3 scrolls of amnesia
 g - 3 scrolls of enchant weapon
 h - a scroll of enchant armour
 s - 2 scrolls of teleportation
 v - a scroll of random uselessness {unknown}
 y - a scroll of blinking
 B - 2 scrolls of fog
 J - a scroll of magic mapping
Potions
 c - a potion of brilliance
 i - 2 potions of mutation
 j - 3 potions of might
 k - 2 potions of heal wounds
 o - 2 potions of lignification
 p - a potion of invisibility
 q - 4 potions of curing
 z - 2 potions of flight
 C - a potion of degeneration
Comestibles
 b - 24 rations


   Skills:
 + Level 10.7 Fighting
 + Level 0.5 Armour
 + Level 10.7 Dodging
 + Level 12.5 Unarmed Combat


You had 11 spell levels left.
You didn't know any spells.

Dungeon Overview and Level Annotations

Branches:
Dungeon (12/15)            Temple (0/1) D:6            Lair (0/6) D:11
    Orc (2/2) D:9
    Elf: Orc:2

Altars:
Ashenzari
Cheibriados
Dithmenos
Gozag
Makhleb
Nemelex Xobeh
Ru
Sif Muna
Trog
Wu Jian
Xom
The Shining One

Shops:
D:4 (!?}=   D:5 =   D:7 (   D:10 (?   D:12 (   Orc:1 (


Innate Abilities, Weirdness & Mutations

You are too large for most types of armour.
You have claws for hands.
Your metabolism is lightning-fast.
You like to eat raw meat.
Your natural rate of healing is unusually fast.
You are covered in fur. (AC +1)
You have very tough skin. (AC +2)
You are somewhat resistant to further mutation.
Your system is resistant to poisons. (rPois)


Message History

The orc hits you from afar with a trident.
* * * LOW HITPOINT WARNING * * *
The warg closely misses you.
You mangle the orc warlord!!
The orc warlord is moderately wounded.
The orc warlord roars a battlecry!
The orc knight goes into a battle-frenzy!
The orc warrior hits you with a morningstar!
* * * LOW HITPOINT WARNING * * *
You claw the orc warlord!
The orc warlord is moderately wounded.
The warg misses you. The orc hits you but does no damage.
The orc barely misses you.
You mangle the orc warlord!!
The orc warlord is heavily wounded.
The warg closely misses you.
The orc warlord hits you with a great sword of electrocution!!
* * * LOW HITPOINT WARNING * * *
You are electrocuted!
You die...

.......#.......
......#........
...........o..
#..........##
#......$.....
.##.....o.... .
......o.o.#....
#....o@h..#
.....oho..##
...........#
............#
.#.#........# #
##....#.##
########


You could see an orc warlord, an orc knight, 2 wargs, an orc warrior and 4 orcs.

Vanquished Creatures
  Azrael (D:12)
  Erica (D:11)
  5 two-headed ogres (D:10)
  3 unseen horrors
  The ghost of bosm the Quickloader, a novice KoHu (D:7)
  A deep elf mage (D:10)
  3 ugly things
  Maurice (D:11)
  A kobold demonologist (D:12)
  A troll (D:12)
  2 hornets
  5 hippogriffs
  A spriggan (D:7)
  2 fire elementals (D:12)
  2 wyverns
  Grum (D:11)
  A basilisk (D:11)
  15 yaks
  3 hungry ghosts
  A vampire mosquito (D:10)
  The ghost of tidbits the Chiller, an amateur GnIE (D:4)
  2 wargs
  2 acid dragons
  4 hell hounds (D:12)
  11 orc warriors
  4 porcupines (D:11)
  An ice beast (D:7)
  2 sky beasts
  A necrophage (D:12)
  A phantom (D:10)
  An eye of draining (D:9)
  6 ogres
  4 wolves (D:11)
  8 centaurs
  2 crocodiles (D:11)
  2 big kobolds
  A gnoll sergeant (D:11)
  6 bullfrogs
  5 scorpions
  A wyvern skeleton (D:10)
  A water moccasin skeleton (D:10)
  3 wights (D:10)
  9 killer bees
  2 howler monkeys (D:8)
  3 bullfrog zombies (D:12)
  6 crimson imps
  2 quasits
  A centaur zombie (D:11)
  9 hounds
  6 jellies
  11 orc priests
  9 orc wizards
  2 bullfrog skeletons
  A centaur skeleton (D:8)
  A gnoll shaman (D:7)
  6 iguanas
  10 worker ants
  A hound zombie (D:9)
  A hound skeleton (D:11)
  2 worker ant zombies
  15 gnolls
  A howler monkey skeleton (D:5)
  12 adders
  3 shadow imps
  An adder zombie (D:5)
  2 adder skeletons (D:8)
  A dart slug (D:3)
  4 worms
  6 leopard geckos
  53 orcs
  5 giant cockroaches
  3 goblins
  5 hobgoblins
  7 jackals
  6 quokkas
  A ball python (D:2)
  5 bats
  3 frilled lizards
  2 goblin zombies (D:7)
  A hobgoblin zombie (D:7)
  10 kobolds
  A kobold zombie (D:7)
  A leopard gecko skeleton (D:4)
  A leopard gecko zombie (D:6)
  5 orc skeletons (D:7)
  A quokka skeleton (D:4)
  A quokka zombie (D:5)
  8 rats
366 creatures vanquished.

Vanquished Creatures (others)
  5 dream sheep (D:7)
  3 bushes (D:11)
  2 fungi (D:11)
  11 plants (D:11)
21 creatures vanquished.

Grand Total: 387 creatures vanquished

Notes
Turn   | Place    | Note
-------+----------+-------------------------------------------
     0 | D:1      | Savaroth the Troll Berserker began the quest for the Orb.
     0 | D:1      | Reached XP level 1. HP: 22/22 MP: 0/0
   298 | D:1      | Reached XP level 2. HP: 23/29 MP: 1/1
   717 | D:2      | Reached XP level 3. HP: 36/36 MP: 2/2
   835 | D:2      | Reached ** piety under Trog
   835 | D:2      | Reached XP level 4. HP: 45/45 MP: 3/3
  1032 | D:2      | Reached skill level 4 in Unarmed Combat
  1054 | D:2      | Found a faded altar of an unknown god.
  1588 | D:3      | Reached XP level 5. HP: 40/53 MP: 4/4
  1655 | D:3      | Found a sparkling altar of Nemelex Xobeh.
  2026 | D:3      | Found a snail-covered altar of Cheibriados.
  2274 | D:4      | Reached *** piety under Trog
  2274 | D:4      | Reached XP level 6. HP: 56/62 MP: 5/5
  2444 | D:4      | Found Feazouh's Gadget Boutique.
  2466 | D:4      | Found Bucweaw's Magic Scroll Shop.
  2466 | D:4      | Found Dafid's Distillery.
  2536 | D:4      | Found Ycanis's Antique Weapon Boutique.
  2744 | D:4      | Found Difydyos's Jewellery Emporium.
  2931 | D:4      | Noticed tidbits's ghost (amateur GnIE)
  2939 | D:4      | Killed tidbits's ghost
  2939 | D:4      | Reached skill level 5 in Unarmed Combat
  2939 | D:4      | Reached XP level 7. HP: 66/70 MP: 6/6
  3082 | D:5      | Entered Level 5 of the Dungeon
  3082 | D:5      | Found a bloodstained altar of Trog.
  3256 | D:5      | Found a shadowy altar of Dithmenos.
  3634 | D:5      | Found an ornate altar of the Wu Jian Council.
  3682 | D:5      | Reached skill level 5 in Fighting
  3682 | D:5      | Reached skill level 5 in Dodging
  3682 | D:5      | Reached skill level 6 in Unarmed Combat
  3801 | D:5      | Reached XP level 8. HP: 75/80 MP: 7/7
  3816 | D:5      | Found Xiesu's Jewellery Shop.
  4129 | D:6      | Found a staircase to the Ecumenical Temple.
  4400 | D:6      | Found a burning altar of Makhleb.
  4489 | D:6      | Found a deep blue altar of Sif Muna.
  5140 | D:7      | Found a glowing golden altar of the Shining One.
  5207 | D:7      | Reached **** piety under Trog
  5268 | D:7      | Noticed a hornet
  5271 | D:7      | Paralysed by a hornet for 2 turns
  5276 | D:7      | Killed a hornet
  5276 | D:7      | Reached skill level 7 in Unarmed Combat
  5466 | D:7      | HP: 5/124 [orc/flail (5)]
  5583 | D:7      | Noticed bosm's ghost (novice KoHu)
  5604 | D:7      | Killed bosm's ghost
  5604 | D:7      | Reached XP level 9. HP: 61/92 MP: 8/8
  5802 | D:7      | Reached skill level 8 in Unarmed Combat
  5850 | D:7      | Found a shimmering altar of Xom.
  5871 | D:7      | Found Nasapn's Antique Weapon Shop.
  6222 | D:8      | Reached skill level 9 in Unarmed Combat
  6222 | D:8      | Reached XP level 10. HP: 88/102 MP: 9/9
  6546 | D:8      | Found an opulent altar of Gozag.
  6681 | D:9      | Found a sacrificial altar of Ru.
  6815 | D:9      | Found a shattered altar of Ashenzari.
  7193 | D:9      | Found a staircase to the Orcish Mines.
  7307 | D:10     | Entered Level 10 of the Dungeon
  7352 | D:10     | Noticed a deep elf mage
  7355 | D:10     | Noticed a two-headed ogre
  7364 | D:10     | Killed a deep elf mage
  7366 | D:10     | Killed a two-headed ogre
  7366 | D:10     | Reached skill level 10 in Unarmed Combat
  7571 | D:10     | Noticed a two-headed ogre
  7586 | D:10     | Killed a two-headed ogre
  7586 | D:10     | Reached XP level 11. HP: 25/113 MP: 10/10
  7809 | D:10     | Noticed a two-headed ogre
  7844 | D:10     | Killed a two-headed ogre
  7858 | D:10     | Noticed a two-headed ogre
  7860 | D:10     | Noticed a two-headed ogre
  7874 | D:10     | Killed a two-headed ogre
  7878 | D:10     | Killed a two-headed ogre
  7936 | D:10     | Found Ufanero's Magic Scroll Boutique.
  8004 | D:10     | Found Xippur's Weapon Shoppe.
  8021 | D:10     | Reached skill level 11 in Unarmed Combat
  8067 | D:10     | Identified a scroll of acquirement
  8233 | D:11     | Noticed Erica
  8241 | D:11     | Killed Erica
  8523 | D:11     | Noticed Grum
  8528 | D:11     | Killed Grum
  8954 | D:11     | Noticed a cyan ugly thing
  8955 | D:11     | Noticed a green ugly thing
  8971 | D:11     | Killed a cyan ugly thing
  8975 | D:11     | Killed a green ugly thing
  8992 | D:11     | Found a staircase to the Lair.
  9336 | D:11     | Killed an unseen horror
  9336 | D:11     | Reached skill level 10 in Fighting
  9336 | D:11     | Reached skill level 10 in Dodging
  9336 | D:11     | Reached XP level 12. HP: 119/126 MP: 11/11
  9343 | D:11     | Noticed Maurice
  9353 | D:11     | Killed Maurice
 10037 | D:12     | Found Mycsixyn's Antique Weapon Shop.
 10240 | D:12     | Reached skill level 12 in Unarmed Combat
 10285 | D:12     | Gained mutation: You are somewhat resistant to further mutation. [potion of mutation]
 10285 | D:12     | Gained mutation: Your system is resistant to poisons. (rPois) [potion of mutation]
 10492 | D:12     | Reached ***** piety under Trog
 10964 | D:12     | Noticed Azrael
 10983 | D:12     | Killed Azrael
 11191 | Orc:1    | Entered Level 1 of the Orcish Mines
 11430 | Orc:1    | Found Disimec's Antique Weapon Shoppe.
 11526 | Orc:2    | Entered Level 2 of the Orcish Mines
 11571 | Orc:2    | Noticed an orc warlord
 11593 | Orc:1    | Mangled by an orc warlord

Skill      XL: |  1  2  3  4  5  6  7  8  9 10 11 12 |
---------------+-------------------------------------+-----
Fighting       | 3 4 5 6 7 8 10 | 10.7
Dodging        | 3 4 5 6 7 8 10 | 10.7
Unarmed Combat | 4 5 6 7 9 10 11 12 | 12.5
Armour         | |  0.5

Action                   |  1- 3 |  4- 6 |  7- 9 | 10-12 || total
-------------------------+-------+-------+-------+-------++-------
Melee: Unarmed           |    70 |   145 |   314 |   668 ||  1197
       Punch             |       |     2 |     8 |    37 ||    47
Invok: Berserk           |       |     1 |     5 |     7 ||    13
       Trog's Hand       |       |     2 |    12 |    25 ||    39
       Burn Spellbooks   |       |       |       |     1 ||     1
       Brothers in Arms  |       |       |       |     1 ||     1
  Use: Scroll            |       |       |       |    13 ||    13
       Potion            |       |       |       |    13 ||    13
 Stab: Sleeping          |       |     1 |       |       ||     1
  Eat: Chunk             |     8 |    17 |    49 |    75 ||   149
       Ration            |       |       |     1 |     1 ||     2
Armor: Animal skin       |    37 |    40 |       |       ||    77
       Robe              |       |     1 |   117 |     4 ||   122
       Acid dragon scale |       |       |       |   258 ||   258
Dodge: Dodged            |    40 |    61 |   178 |   426 ||   705
